 Dungeon Crawl Stone Soup version 0.28-a0-172-g787e458d71 (webtiles) character file.

Game seed: 3971589038399485664

60 mg7810 the Skirmisher (level 3, 0/29 HPs)
             Began as a Demonspawn Monk on Aug 16, 2021.
             Was a Plaything of Xom.
             Slain by an orc (6 damage)
             ... on level 3 of the Dungeon.
             The game lasted 00:04:17 (2818 turns).

mg7810 the Skirmisher (Demonspawn Monk)             Turns: 2818, Time: 00:04:18

Health: 0/29       AC:  6    Str: 12    XL:     3   Next: 82%
Magic:  3/3        EV: 10    Int: 11    God:    Xom [..*...]
Gold:   116        SH:  3    Dex: 15    Spells: 2/2 levels left

rFire   . . .      SeeInvis .   a - +1 falchion
rCold   . . .      Faith    .   e - +0 buckler
rNeg    . . .      Spirit   .   c - +0 ring mail
rPois   .          Reflect  .   (no helmet)
rElec   .          Harm     .   (no cloak)
rCorr   .          Rampage  .   (no gloves)
Will    .....      Clarity  +   (no boots)
Stlth   +.........              (no amulet)
HPRegen 0.09/turn               (no ring)
MPRegen 0.08/turn               (no ring)

@: no status effects
A: rugged brown scales 1, clarity
a: Renounce Religion


You were on level 3 of the Dungeon.
You worshipped Xom.
You were a toy of Xom.
You visited 1 branch of the dungeon, and saw 3 of its levels.

You collected 116 gold pieces.

Inventory:

Hand Weapons
 a - a +1 falchion (weapon)
Armour
 c - a +0 ring mail (worn)
 e - a +0 buckler (worn)
Scrolls
 b - 4 scrolls of fog {unknown}
 d - a scroll of enchant weapon
 f - a scroll of identify {unknown}
 h - 2 scrolls of teleportation {unknown}


   Skills:
 + Level 3.3 Fighting
 + Level 3.2 Long Blades
 * Level 1.4 Armour
 + Level 3.0 Dodging
 + Level 2.0 Stealth
 * Level 0.3 Shields


You had 2 spell levels left.
You didn't know any spells.
Your spell library was empty.

Dungeon Overview and Level Annotations

Branches:
Dungeon (3/15)

Altars:
Xom


Innate Abilities, Weirdness & Mutations

You are partially covered in rugged brown scales. (AC +1, +3% HP)
You possess an exceptional clarity of mind.


Message History

An orc comes into view. It is wielding a +0 dagger.
The orc shouts!
An orc priest comes into view. It is wielding a +0 club.
An orc comes into view. It is wielding a +4 dagger.
The orc priest shouts!
You hear a shout!
The orc shouts!
An orc comes into view. It is wielding a +0 trident.
You hear a shout!
Found a stone staircase leading up.
It was a potion of mutation.
You feel extremely strange.
Your body's shape seems more normal.
Your thoughts seem clearer.
The orc priest calls down the wrath of Beogh upon you.
Beogh smites you!
A shower of butterflies erupts from you!
The orc priest invokes the aid of Beogh against you.
Your butterfly writhes in agony.
Your butterfly dies!
You swap places.
Xom snickers.
You do an impromptu tapdance.
The orc priest invokes the aid of Beogh against you.
Pain shoots through your body! The orc barely misses your butterfly.
A hobgoblin comes into view.
You hit the orc.
The orc is heavily wounded.
The orc completely misses your butterfly.
The orc hits you but does no damage.
The orc completely misses your butterfly.
You hit the orc.
You kill the orc!
You barely miss the orc. The orc hits you with a +4 dagger.
* * * LOW HITPOINT WARNING * * *
You emit a cloud of colourful smoke!
You aren't carrying any potions.
As you read the scroll labelled VOREHA EBIACVUD, it crumbles to dust.
It is a scroll of enchant weapon.
Your +0 falchion glows red for a moment.
The orc hits you with a +4 dagger.
You die...
Xom roars with laughter!

............# ............#
............# ............#
........ob..# ......b.....#
.<........bg####### ..<
#.....ooo@§§.#
#...#############§#
#......####....#.##
########........###..###
..................##...#####
.........##................#
####...##########.#####...#
#.#..# #... ... #..#.###
##### ..


You could see an orc priest (ally target), 2 orcs and a hobgoblin.

Vanquished Creatures
  An adder (D:2)
  A worm (D:2)
  A dart slug (D:1)
  2 orcs
  2 bats (D:1)
  4 endoplasms
  A giant cockroach (D:2)
  2 goblins (D:2)
  3 hobgoblins
  4 jackals (D:1)
  5 kobolds
  2 quokkas
  4 ball pythons
  4 frilled lizards
  5 rats
41 creatures vanquished.

Notes
Turn   | Place    | Note
-------+----------+-------------------------------------------
     0 | D:1      | mg7810 the Demonspawn Monk began the quest for the Orb.
     0 | D:1      | Reached XP level 1. HP: 18/18 MP: 1/1
   379 | D:1      | Found a faded altar of an unknown god.
   391 | D:1      | Became a worshipper of Xom of Chaos
   400 | D:1      | XOM: silly message
   409 | D:1      | XOM: smoke on damage
   411 | D:1      | Gained mutation: You are partially covered in rugged brown
                  | scales. (AC +1, +3% HP) [demonic ancestry]
   411 | D:1      | Reached XP level 2. HP: 17/24 MP: 2/2
   482 | D:1      | XOM: silly message
   546 | D:1      | XOM: noise
   825 | D:1      | XOM: potion effect (haste)
   828 | D:1      | XOM: give mutation
   828 | D:1      | Gained mutation: You are dopey. (Int -2) [Xom's mischief]
   839 | D:1      | XOM: divination: detect items
  1041 | D:1      | XOM: god gift: ruby potion {god gift}
  1122 | D:1      | XOM: noise
  1395 | D:2      | Reached skill level 1 in Armour
  1395 | D:2      | Reached XP level 3. HP: 19/29 MP: 3/3
  1713 | D:2      | XOM: give mutations
  1713 | D:2      | Lost mutation: You are dopey. (Int -2) [Xom's mischief]
  1713 | D:2      | Gained mutation: You are dopey. (Int -2) [Xom's mischief]
  1713 | D:2      | Lost mutation: You are dopey. (Int -2) [Xom's mischief]
  1713 | D:2      | Gained mutation: Armour fits poorly on your strangely
                  | shaped body. [Xom's mischief]
  1803 | D:2      | XOM: scenery: summon butterflies
  2000 | D:2      | XOM: cloud trail
  2049 | D:2      | XOM: divination: detect items
  2215 | D:2      | XOM: 5-stop teleportation journey
  2335 | D:2      | XOM: cloud trail
  2403 | D:2      | XOM: noise
  2561 | D:2      | XOM: potion effect (heal wounds)
  2806 | D:3      | Lost mutation: Armour fits poorly on your strangely shaped
                  | body. [potion of mutation]
  2806 | D:3      | Gained mutation: You possess an exceptional clarity of
                  | mind. [potion of mutation]
  2807 | D:3      | XOM: butterfly on damage
  2809 | D:3      | XOM: silly message
  2817 | D:3      | XOM: smoke on damage
  2818 | D:3      | Slain by an orc

Illustrated notes

Levels and vault maps discovered:
D:1:      dpeg_arrival_another_circle, layout_basic,
          chequers_ecumenical_altar_simple_redux
D:2:      layout_loops_ring, kennysheep_decorative_pillar
D:3:      layout_rooms, general_overflow_altar, serial_shops, shop,
          st_stairs_14, minmay_gold_behind_fungi

Skill      XL: |  1  2  3 |
---------------+----------+-----
Dodging        | 3 |  3.0
Stealth        | 2 |  2.0
Armour         | 1 |  1.4
Long Blades    | 3 |  3.2
Fighting       | |  3.3
Shields        | |  0.3

Action                   || total
-------------------------++-------
Melee: Falchion          ||   163
  Use: Potion            ||     3
       Scroll            ||     1
 Stab: Sleeping          ||     1
Armor: Robe              ||     6
       Ring mail         ||    39
Dodge: Dodged            ||    78
Block: Buckler           ||    10
       Rpst.: Falchion   ||    22

Table legend: (Time is in decaauts)
 A = Elapsed time spent in this place.
 B = Non-inter-level travel time spent in this place.
 C = Inter-level travel time spent in this place.
 D = Time resting spent in this place.
 E = Time spent auto-exploring this place.
 F = Levels seen in this place.
 G = Mean time per level.
                   A        B        C        D        E       F      G
               +--------+--------+--------+--------+--------+-----+--------+
         Total |   2837 |   2774 |     63 |      0 |   2309 |   3 |  945.7 |
       Dungeon |   2837 |   2774 |     63 |      0 |   2309 |   3 |  945.7 |
               +--------+--------+--------+--------+--------+-----+--------+

Top non-repeatable levels by time:
     D:2: 1388 daAuts
     D:1: 1379 daAuts
     D:3: 70 daAuts
